 Dungeon Crawl Stone Soup version 0.20-a0-903-g7e3609c (webtiles) character file.

911 Hook the Fighter (level 8, -2/89 HPs)
             Began as an Ogre Berserker on Mar 21, 2017.
             Was a Priest of Trog.
             Slain by an ice beast (7 damage)
             ... on level 6 of the Dungeon.
             The game lasted 00:16:21 (6403 turns).

Hook the Fighter (Ogre Berserker)                   Turns: 6403, Time: 00:16:22

Health: -2/89      AC:  4    Str: 22    XL:     8   Next: 8%
Magic:  8/8        EV: 11    Int:  8    God:    Trog [***...]
Gold:   342        SH:  4    Dex:  8    Spells: 7/7 levels left

rFire    . . .     SeeInvis .   a - +0 mace
rCold    . . .     Gourm    .   b - +1 animal skin
rNeg     . . .     Faith    .   (no shield)
rPois    .         Spirit   .   (helmet restricted)
rElec    .         Reflect  +   (no cloak)
rCorr    .         Harm     .   (gloves unavailable)
MR       +....                  (boots unavailable)
Stlth    +.........             k - +4 amulet of reflection
Regen    0.3/turn               l - -2 ring of strength (curse)
MPRegen  0.2/turn               D - ring of protection from magic

@: no status effects
A: unfitting armour, tough skin 1
a: Berserk, Trog's Hand, Burn Spellbooks, Renounce Religion


You were on level 6 of the Dungeon.
You worshipped Trog.
Trog was most pleased with you.
You were not hungry.

You visited 1 branch of the dungeon, and saw 6 of its levels.

You collected 342 gold pieces.

Inventory:

Hand Weapons
 a - a +0 mace (weapon)
Armour
 b - a +1 animal skin (worn)
 o - a +0 scale mail
 v - the cursed +0 helmet "Satonyxu" {*Corrode rElec Regen+ Stlth+, unknown}
   (You found it on level 5 of the Dungeon)

   It insulates you from electricity.
   It increases your rate of regeneration.
   It may corrode you when you take damage.
   It makes you more stealthy.
   It has a curse placed upon it.
Jewellery
 k - a +4 amulet of reflection (around neck)
 l - a cursed -2 ring of strength (right hand)
 r - a +2 ring of intelligence
 w - an uncursed amulet of faith {unknown}
 D - a ring of protection from magic (left hand)
 H - an uncursed amulet of faith {unknown}
Scrolls
 j - a scroll of recharging
 m - a scroll of teleportation
 p - 4 scrolls of identify
 s - 2 scrolls of magic mapping
 y - a scroll of enchant armour
 E - 2 scrolls of immolation {unknown}
Potions
 d - 3 potions of haste {unknown}
 e - a potion of heal wounds {unknown}
 g - 3 potions of resistance {unknown}
 h - a potion of magic {unknown}
 i - 3 potions of curing {unknown}
 q - 3 potions of agility {unknown}
 t - a potion of mutation {unknown}
 u - a potion of invisibility {unknown}
 x - a potion of lignification {unknown}
 z - 3 potions of brilliance {unknown}
 B - a potion of flight {unknown}
 C - a potion of degeneration {unknown}
Books
 F - a book of Misfortune

   Spells                             Type                      Level
   a - Confusing Touch                Hexes                        1
   b - Confuse                        Hexes                        3
   c - Gell's Gravitas                Translocation                3
   d - Petrify                        Transmutation/Earth          4
   e - Metabolic Englaciation         Hexes/Ice                    5
   f - Yara's Violent Unravelling     Hexes/Transmutation          5
   Trog disapproves of the use of such an item.
Comestibles
 c - 3 bread rations
 f - 7 fruits
 n - a meat ration
 A - a royal jelly


   Skills:
 * Level 8.4 Fighting
 + Level 4.6 Maces & Flails
 * Level 5.7 Dodging


You had 7 spell levels left.
You didn't know any spells.

Dungeon Overview and Level Annotations

Branches:
Dungeon (6/15)             Temple (0/1) D:4

Altars:
Ashenzari
Fedhas
Nemelex Xobeh
Xom
Yredelemnul
The Shining One


Innate Abilities, Weirdness & Mutations

You are too large for most types of armour.
You have tough skin. (AC +1)


Message History

You block the ice beast's attack.
You hit the ice beast.
The ice beast is severely wounded.
The ice beast hits you but does no damage.
You hit the ice beast.
The ice beast is almost dead.
The ice beast hits you. The ice beast freezes you!
* * * LOW HITPOINT WARNING * * *
You hit the ice beast but do no damage.
The ice beast is almost dead.
The ice beast hits you.
* * * LOW HITPOINT WARNING * * *
The ice beast freezes you!
* * * LOW HITPOINT WARNING * * *
You hit the ice beast.
The ice beast is almost dead.
The ice beast barely misses you. The ice beast hits you.
* * * LOW HITPOINT WARNING * * *
The ice beast freezes you!
You die...

. .. ## .# .#
..# .#...##
########.......
......Y@.......
.##############


You could see an ice beast.

Vanquished Creatures
  2 ogres
  A centaur (D:5)
  2 scorpions
  A crimson imp (D:5)
  2 orc wizards (D:4)
  2 iguanas (D:5)
  4 worker ants
  A howler monkey skeleton (D:2)
  3 gnolls (D:2)
  9 adders
  10 river rats (D:5)
  An ooze (D:3)
  2 adder zombies (D:2)
  2 adder skeletons
  4 worms
  A dart slug (D:4)
  3 leopard geckos
  6 orcs
  A bat zombie (D:2)
  3 giant cockroaches
  A goblin (D:3)
  4 hobgoblins
  2 jackals (D:3)
  7 kobolds
  5 quokkas
  A ball python zombie (D:2)
  8 bats
  2 frilled lizards
  A giant cockroach zombie (D:2)
  A jackal skeleton (D:2)
  A leopard gecko skeleton (D:4)
  A quokka zombie (D:2)
  23 rats
117 creatures vanquished.

Notes
Turn   | Place    | Note
-------+----------+-------------------------------------------
     0 | D:1      | Hook the Ogre Berserker began the quest for the Orb.
     0 | D:1      | Reached XP level 1. HP: 24/24 MP: 1/1
   296 | D:1      | Reached XP level 2. HP: 28/32 MP: 2/2
   674 | D:2      | Reached XP level 3. HP: 25/40 MP: 3/3
  1099 | D:2      | Reached skill level 5 in Fighting
  1155 | D:2      | Reached XP level 4. HP: 31/50 MP: 4/4
  1770 | D:2      | Reached ** piety under Trog
  2111 | D:2      | Reached XP level 5. HP: 10/59 MP: 5/5
  2733 | D:3      | Found a shattered altar of Ashenzari.
  2736 | D:3      | Found a basalt altar of Yredelemnul.
  2747 | D:3      | Found a sparkling altar of Nemelex Xobeh.
  2890 | D:4      | Reached skill level 6 in Fighting
  3158 | D:4      | Found a staircase to the Ecumenical Temple.
  3246 | D:4      | Reached XP level 6. HP: 59/67 MP: 6/6
  3975 | D:4      | Reached skill level 7 in Fighting
  4121 | D:4      | Reached XP level 7. HP: 52/78 MP: 7/7
  4351 | D:5      | Entered Level 5 of the Dungeon
  4703 | D:5      | Found a shimmering altar of Xom.
  4755 | D:5      | Reached skill level 5 in Dodging
  4849 | D:5      | Reached skill level 8 in Fighting
  5136 | D:5      | Found a blossoming altar of Fedhas.
  5142 | D:5      | Got a faintly humming helmet
  5329 | D:5      | Found a glowing golden altar of the Shining One.
  5539 | D:5      | Reached XP level 8. HP: 10/89 MP: 8/8
  5857 | D:5      | Reached *** piety under Trog
  6403 | D:6      | Slain by an ice beast

Vault maps used:
D:1:      lightli_arrival_statue_moat
D:2:      serial_undead, serial_undead_e, serial_undead_c, serial_undead_e,
          serial_undead_a, serial_park_tiny_2
D:3:      grunt_temple_overflow_diamond
D:4:      minmay_temple_entry_fiery, first_bread, minmay_three_crescents
D:5:      lemuel_ratsnest, nicolae_tso_swordbearing_angel,
          chequers_temple_overflow_statue_of_worship
D:6:      uniq_sigmund

Skill      XL: |  1  2  3  4  5  6  7 |
---------------+----------------------+-----
Dodging        | 3 4 5 |  5.7
Maces & Flails | 3 4 |  4.6
Fighting       | 5 6 7 8 |  8.4

Action                   |  1- 3 |  4- 6 |  7- 9 || total
-------------------------+-------+-------+-------++-------
Melee: Mace              |    95 |   227 |   209 ||   531
Invok: Berserk           |       |     1 |     1 ||     2
       Trog's Hand       |       |       |     2 ||     2
  Use: Scroll            |       |     6 |     8 ||    14
 Stab: Sleeping          |       |     1 |       ||     1
  Eat: Chunk             |     1 |     8 |       ||     9
       Royal jelly       |       |     1 |       ||     1
       Meat ration       |       |       |     1 ||     1
       Bread ration      |       |       |     1 ||     1
       Fruit             |       |       |     1 ||     1
Armor: Animal skin       |    40 |    66 |    48 ||   154
Dodge: Dodged            |    68 |   163 |   111 ||   342
Block: Other             |       |       |    37 ||    37
